 Dungeon Crawl Stone Soup version 0.24-a0-537-g2d01d4ab0a (webtiles) character file.

Game seed: 13704478802838610622

2742 Arang the Gusty (level 9, 0/75 HPs)
             Began as a White Draconian Air Elementalist on Aug 14, 2019.
             Was an Initiate of Sif Muna.
             Slain by a sky beast (2 damage)
             ... on level 8 of the Dungeon.
             The game lasted 00:31:05 (8510 turns).

Arang the Gusty (White Draconian Air Elementalist)  Turns: 8510, Time: 00:31:05

Health: 0/75       AC:  9    Str: 13    XL:     9   Next: 41%
Magic:  27/27      EV: 12    Int: 18    God:    Sif Muna [......]
Gold:   71         SH:  4    Dex: 12    Spells: 10/20 levels left

rFire    . . .     SeeInvis .   b - +7 hand axe of Bloody Death {chop, *Rage rPois rN+++ Int+2}
rCold    + . .     Gourm    .   I - +0 buckler
rNeg     + + +     Faith    .   (armour unavailable)
rPois    +         Spirit   .   K - +2 hat
rElec    .         Reflect  .   (no cloak)
rCorr    .         Harm     .   (no gloves)
MR       +....     Rnd*Rage +   (no boots)
Stlth    ++........             k - amulet of inaccuracy (curse)
HPRegen  0.22/turn              c - ring of magical power
MPRegen  0.20/turn              f - ring of protection from magic

@: hasted, very quick
A: breathe frost, unfitting armour, cold resistance 1, cold-blooded, AC +7
a: Breathe Frost, Renounce Religion


You were on level 8 of the Dungeon.
You worshipped Sif Muna.
Sif Muna was noncommittal.
You were hungry.

You visited 2 branches of the dungeon, and saw 9 of its levels.

You collected 351 gold pieces.
You spent 280 gold pieces at shops.

Inventory:

Hand Weapons
 a - the +7 long sword of Hidacem {freeze, Int+6 Dex-2}
   (You found it on level 4 of the Dungeon)

   It has been specially enchanted to freeze those struck by it, causing extra
   injury to most foes and up to half again as much damage against particularly
   susceptible opponents.
   It can also slow down cold-blooded creatures.
   It affects your intelligence (+6).
   It affects your dexterity (-2).
 b - the +7 hand axe of Bloody Death (weapon) {chop, *Rage rPois rN+++ Int+2}
   (You bought it in a shop on level 6 of the Dungeon)

   It inflicts extra damage upon your enemies.
   It affects your intelligence (+2).
   It protects you from poison.
   It renders you almost immune to negative energy.
   It may make you go berserk in combat.
 d - a +0 short sword
 g - a +1 whip of venom
 j - a +2 mace of protection
 u - a +1 vampiric dagger
 E - a +2 dagger of freezing
 L - the +1 trident of the Yoke {pierce, +Blink}
   (You bought it in a shop on level 6 of the Dungeon)

   It inflicts extra damage upon your enemies.
   It lets you blink.
Missiles
 i - 51 poisoned darts (quivered)
 r - 16 boomerangs
 C - 5 javelins
 J - 2 throwing nets
Armour
 I - a +0 buckler (worn)
 K - a +2 hat (worn)
Jewellery
 c - a ring of magical power (left hand)
 f - a ring of protection from magic (right hand)
 k - a cursed amulet of inaccuracy (around neck)
 m - an uncursed ring of protection from magic
 x - an uncursed ring of flight
 D - an uncursed ring of positive energy
Wands
 w - a wand of disintegration (7)
 y - a wand of scattershot (4)
 F - a wand of digging (4)
Scrolls
 e - 3 scrolls of noise
 l - 2 scrolls of teleportation
 n - 2 scrolls of magic mapping
 A - 2 scrolls of identify
 H - 2 scrolls of remove curse
Potions
 h - 3 potions of haste
 o - 2 potions of agility
 s - a potion of cancellation
 t - a potion of magic
 z - a potion of flight
 B - a potion of invisibility {unknown}
 G - a potion of brilliance {unknown}
Comestibles
 v - 18 rations


   Skills:
 * Level 5.7 Fighting
 - Level 3.6 Long Blades
 * Level 3.0 Axes
 + Level 0.5(1.9) Maces & Flails
 + Level 0.2 Throwing
 - Level 1.7 Dodging
 - Level 1.7 Stealth
 * Level 2.5 Shields
 + Level 6.0 Spellcasting
 + Level 5.4 Conjurations
 + Level 6.5 Air Magic


You had 10 spell levels left.
You knew the following spells:

 Your Spells              Type           Power        Failure   Level  Hunger
a - Shock                 Conj/Air       ####         1%          1    None
b - Swiftness             Chrm/Air       ###.....     5%          2    None
c - Static Discharge      Conj/Air       ####....     3%          3    ##.....
d - Airstrike             Air            ####......   10%         4    ####...

Your spell library contained the following spells:

 Spells                   Type           Power        Failure   Level  Hunger
 Lightning Bolt           Conj/Air       ####......   32%         5    #####..


Dungeon Overview and Level Annotations

Branches:
Dungeon (8/15)             Temple (1/1) D:7
   Lair: D:8-11

Altars:
Ashenzari
Cheibriados
Dithmenos
Elyvilon
Fedhas
Gozag
Hepliaklqana
Kikubaaqudgha
Makhleb
Nemelex Xobeh
Okawaru
Qazlal
Ru
Sif Muna
Trog
Uskayaw
Vehumet
Wu Jian
Xom
Yredelemnul
Zin
The Shining One

Shops:
D:6 (

Annotations:
D:1 exclusion: 2 downstairs
D:2 Sigmund
D:5 1 runed translucent door, Esekla's ghost, amateur FoAK
D:6 exclusion: downstairs


Innate Abilities, Weirdness & Mutations

You can breathe waves of freezing cold.
You can buffet flying creatures when you breathe cold.
Your icy white scales are hard. (AC +7)
You cannot fit into any form of body armour.
Your flesh is cold resistant. (rC+)
You are cold-blooded and may be slowed by cold attacks.


Message History

You block the bullfrog's attack. The sky beast closely misses you.
You miss the bullfrog.
The bullfrog is moderately wounded.
You hit the sky beast.
The wight hits you from afar with a cursed +0 spear.
* * * LOW HITPOINT WARNING * * *
The bullfrog hits you but does no damage.
The sky beast hits you but does no damage.
The wight hits you but does no damage.
You feel yourself speed up.
The bullfrog is no longer moving slowly.
The bullfrog closely misses you.
The sky beast hits you but does no damage.
The wight misses you.
You miss the bullfrog.
The bullfrog is moderately wounded.
You hit the sky beast. The bullfrog hits you.
* * * LOW HITPOINT WARNING * * *
The sky beast hits you.
You die...

....... ##
#...... .#
#....z. .#
#..!... .#
#...... .#
#.....z##.#
#z..# #Y###
#@# #.F..#
#....#
#....#
..[..#
#....#
#.....
#####.#


You could see a sky beast, a bullfrog and 3 wights.

Vanquished Creatures
  A hornet (D:7)
  A hippogriff (D:5)
  Menkaure (D:5)
  A water moccasin (D:7)
  A black bear (D:7)
  3 sky beasts
  A phantom (D:6)
  4 ogres
  2 centaurs
  A gnoll sergeant (D:7)
  A bullfrog (D:7)
  4 killer bees (D:7)
  3 crimson imps
  3 hounds
  3 orc wizards
  2 jellies (D:6)
  A bullfrog skeleton (D:7)
  An orc priest (D:3)
  Ijyb (D:3)
  2 centaur skeletons
  2 iguanas
  3 killer bee zombies (D:6)
  A worker ant zombie (D:8)
  8 gnolls
  9 adders
  2 shadow imps (D:7)
  2 adder skeletons
  2 worms
  3 dart slugs
  7 leopard geckos
  16 orcs
  5 bats
  6 giant cockroaches
  9 goblins
  5 hobgoblins
  18 jackals
  11 kobolds
  3 quokkas
  5 frilled lizards
  A jackal skeleton (D:7)
  A leopard gecko zombie (D:5)
  7 rats
163 creatures vanquished.

Notes
Turn   | Place    | Note
-------+----------+-------------------------------------------
     0 | D:1      | Arang the Draconian Air Elementalist began the quest for
                  | the Orb.
     0 | D:1      | Reached XP level 1. HP: 14/14 MP: 3/3
   269 | D:1      | Reached XP level 2. HP: 20/20 MP: 5/5
   278 | D:1      | Learned a level 2 spell: Swiftness
   567 | D:1      | You fall into a shaft and drop 1 floor!
   574 | D:2      | Reached XP level 3. HP: 27/27 MP: 6/6
   634 | D:2      | Noticed Sigmund
   668 | D:2      | Found a glowing golden altar of the Shining One.
   818 | D:1      | Learned a level 3 spell: Static Discharge
  1584 | D:3      | Reached XP level 4. HP: 14/34 MP: 7/8
  1613 | D:3      | Reached skill level 1 in Fighting
  1833 | D:3      | Reached XP level 5. HP: 40/40 MP: 9/9
  2134 | D:3      | Found a shattered altar of Ashenzari.
  2409 | D:3      | Noticed Ijyb
  2423 | D:3      | Killed Ijyb
  2788 | D:3      | Found a faded altar of an unknown god.
  2934 | D:4      | Reached XP level 6. HP: 49/49 MP: 11/11
  3260 | D:4      | Got a scorched long sword
  3261 | D:4      | Identified the +7 long sword of Hidacem {freeze, Int+6
                  | Dex-2} (You found it on level 4 of the Dungeon)
  3354 | D:4      | Found an ornate altar of the Wu Jian Council.
  3356 | D:4      | Found an iron altar of Okawaru.
  3492 | D:5      | Entered Level 5 of the Dungeon
  3547 | D:5      | Found a shimmering altar of Xom.
  3547 | D:5      | Found a burning altar of Makhleb.
  3592 | D:5      | Found a runed translucent door.
  3592 | D:5      | Noticed Esekla's ghost (amateur FoAK)
  3649 | D:5      | Noticed a sky beast
  3658 | D:5      | Killed a sky beast
  3776 | D:5      | Reached skill level 1 in Long Blades
  3776 | D:5      | Reached skill level 5 in Air Magic
  3776 | D:5      | Your scales start taking on an icy white colour.
  3776 | D:5      | Reached XP level 7. HP: 41/57 MP: 12/12
  3776 | D:5      | Gained mutation: Your flesh is cold resistant. (rC+) [White
                  | Draconian growth]
  3899 | D:5      | Noticed Menkaure
  3913 | D:5      | Killed Menkaure
  4196 | D:5      | Noticed a hippogriff
  4207 | D:5      | Killed a hippogriff
  4341 | D:5      | Learned a level 4 spell: Airstrike
  4892 | D:6      | Reached XP level 8. HP: 54/66 MP: 14/14
  5047 | D:6      | Found Molyl's Antique Weapon Shoppe.
  5074 | D:6      | Bought a steaming trident for 144 gold pieces
  5074 | D:6      | Identified the cursed +1 trident of the Yoke {pierce,
                  | +Blink} (You bought it in a shop on level 6 of the Dungeon)
  5115 | D:6      | Bought a shimmering hand axe for 136 gold pieces
  5115 | D:6      | Identified the +7 hand axe of Bloody Death {chop, *Rage
                  | rPois rN+++ Int+2} (You bought it in a shop on level 6 of
                  | the Dungeon)
  5511 | D:6      | Reached skill level 1 in Axes
  5808 | D:6      | Reached skill level 5 in Spellcasting
  6029 | D:7      | Noticed a hornet
  6033 | D:7      | Paralysed by a hornet for 1 turns
  6035 | D:7      | Paralysed by a hornet for 1 turns
  6036 | D:7      | HP: 3/67 [hornet (17)]
  6039 | D:7      | Killed a hornet
  6039 | D:7      | Reached skill level 5 in Fighting
  6039 | D:7      | Reached skill level 1 in Shields
  6281 | D:7      | Reached skill level 5 in Conjurations
  6281 | D:7      | Reached XP level 9. HP: 42/74 MP: 17/17
  6529 | D:7      | Found a staircase to the Ecumenical Temple.
  6590 | Temple   | Entered the Ecumenical Temple
  6683 | Temple   | Became a worshipper of Sif Muna the Loreminder
  8484 | D:8      | Noticed a two-headed ogre
  8510 | D:8      | HP: 2/75 [bullfrog (3)]
  8510 | D:8      | Slain by a sky beast

Levels and vault maps discovered:
D:1:      tarquinn_simple_flora_water_e, layout_rooms, chequers_mini_garden,
          st_stairs_13
D:2:      layout_loops_ring, tso_metal_star, uniq_sigmund
D:3:      layout_basic, first_ration, chequers_ecumenical_altar_grove,
          ashenzari_altar_1, uniq_ijyb
D:4:      layout_loops_ring, chequers_temple_overflow_statue_of_worship,
          st_stairs_4, kennysheep_generic_room_9
D:5:      layout_gridville, grunt_temple_overflow_champion_of_chaos,
          ebering_ghost_reflecting_pool, uniq_menkaure
D:6:      layout_rooms, serial_curves, eino_curves_02, eino_curves_02,
          serial_shops, shop
D:7:      layout_rooms, minmay_temple_entry_wispy, grunt_ogre_cave
D:8:      layout_basic, lair_entry_dummy
Temple:   compressed_dpeg_circular_temple

Skill      XL: |  1  2  3  4  5  6  7  8  9 |
---------------+----------------------------+-----
Air Magic      | 4 5 6 |  6.5
Fighting       | 1 2 3 4 5 |  5.7
Conjurations   | 2 3 4 5 |  5.4
Spellcasting   | 3 4 5 6 |  6.0
Long Blades    | 1 3 |  3.6
Axes           | 2 3 |  3.0
Shields        | 1 2 |  2.5
Maces & Flails | |  0.5
Throwing       | |  0.2
Dodging        | |  1.7
Stealth        | |  1.7

Action                   |  1- 3 |  4- 6 |  7- 9 || total
-------------------------+-------+-------+-------++-------
Melee: Short sword       |     1 |       |       ||     1
       Whip              |       |    12 |       ||    12
       Tailslap          |       |     5 |    16 ||    21
       Long sword        |       |    21 |   164 ||   185
       Hand axe          |       |       |     2 ||     2
Throw: Dart              |     3 |     3 |       ||     6
 Cast: Shock             |    97 |   151 |   159 ||   407
       Airstrike         |       |       |     3 ||     3
       Static Discharge  |       |       |     1 ||     1
 Abil: Breathe Frost     |       |       |     3 ||     3
  Use: Scroll            |       |     7 |    11 ||    18
       Potion            |       |       |     7 ||     7
 Stab: Sleeping          |       |     1 |     2 ||     3
  Eat: Chunk             |     3 |     7 |     9 ||    19
       Ration            |       |       |     2 ||     2
Armor: Skin              |     8 |    34 |   107 ||   149
Dodge: Dodged            |    17 |    48 |   126 ||   191
Block: Buckler           |       |       |    33 ||    33
       Rpst.: Long sword |       |     2 |    34 ||    36

Table legend:
 A = Non-vault XP
 B = Vault XP
 C = Vault XP percentage of total XP
 D = Non-vault monster count
 E = Vault monster count
 F = Vault count percentage of total count
                 A         B        C        D         E       F
            +---------+---------+-------+---------+---------+-------
      Total |    3552 |     366 |   9.3 |     157 |       6 |   3.7
            +---------+---------+-------+---------+---------+-------
        D:1 |      34 |       3 |   8.1 |      20 |       1 |   4.8
        D:2 |      45 |       0 |   0.0 |      17 |       0 |   0.0
        D:3 |     255 |      39 |  13.3 |      43 |       1 |   2.3
        D:4 |      49 |       1 |   2.0 |       5 |       1 |  16.7
        D:5 |     692 |     207 |  23.0 |      13 |       2 |  13.3
        D:6 |     774 |       0 |   0.0 |      26 |       0 |   0.0
        D:7 |    1603 |     116 |   6.7 |      27 |       1 |   3.6
        D:8 |     100 |       0 |   0.0 |       6 |       0 |   0.0
            +---------+---------+-------+---------+---------+-------
